AoeStats
← Kuytan

Nomad

510350428Analyzed
2v2 RM · 2d ago on Sep 30, 2026· 30m 26s· 4 players
Game mode
Random Map
Map size
176×176
Population
200
Speed
Normal
Resources
Standard
Victory
Conquest
Starting age
Dark Age
Ending age
Imperial Age
RankedLock teamsTeams togetherTeam positionsShared explorationLock speedFull tech treeHidden civsTurbo modeCheats
Victory
Defeat
🇸🇪 Mongols · Sweden
1219
+16
🇸🇪 Huns · Sweden
1178
+18
🇩🇪 Italians · Germany
1233
-17
🇺🇦 Persians · Ukraine
1213
-17
Kuytan
3:46 Loom
13:41 Feudal Age
17:50 Castle Age
16:52 Stone Mining
20:42 Horse Collar
22:16 Fletching
22:26 Padded Archer Armor
24:12 Heavy Plow
28:47 Imperial Age
27:18 Double-Bit Axe
somewear
4:13 Loom
14:41 Feudal Age
18:41 Castle Age
17:39 Double-Bit Axe
23:30 Murder Holes
28:09 Town Watch
Matzenudler
6:11 Loom
13:10 Feudal Age
13:48 Double-Bit Axe
13:48 Fishing Lines
14:24 Man-at-Arms
20:09 Castle Age
19:36 Fletching
19:46 Padded Archer Armor
21:04 Bodkin Arrow
21:48 Wheelbarrow
25:49 Ballistics
25:40 Scale Mail Armor
31:49 Imperial Age
Sealion42
10:52 Loom
13:11 Feudal Age
17:30 Double-Bit Axe
22:06 Castle Age
Connection lost

Rejoining the realm…

Still unreachable

The connection could not be restored.

Session expired

The server has moved on; the page needs a fresh start.